 Dungeon Crawl Stone Soup version 0.19.4-8-ga85b6b9 (webtiles) character file.

914 empire the Skirmisher (level 7, -1/63 HPs)
             Began as a Minotaur Fighter on Feb 9, 2017.
             Splashed by a jelly's acid (12 damage)
             ... on level 1 of the Dungeon.
             The game lasted 00:07:47 (3485 turns).

empire the Skirmisher (Minotaur Fighter)            Turns: 3485, Time: 00:07:48

Health: -1/63      AC: -17   Str: 27    XL:     7   Next: 82%
Magic:  8/8        EV:  8    Int:  5    God:
Gold:   180        SH: 11    Dex: 10    Spells: 0 memorised, 6 levels left

rFire  . . .     SeeInvis .     a - +1 long sword
rCold  . . .     Gourm    .     b - +0 scale mail
rNeg   + . .     Faith    .     c - +0 shield
rPois  .         Spirit   .     (helmet restricted)
rElec  .         Reflect  .     A - +0 cloak
rCorr  .         Harm     .     k - +0 pair of gloves
MR     .....                    (no boots)
Stlth  ..........               g - amulet of regeneration
                                (no ring)
                                w - ring of positive energy

@: mighty, corroded
A: retaliatory headbutt, horns 2
a: no special abilities


You were on level 1 of the Dungeon.
You were hungry.

You visited 2 branches of the dungeon, and saw 6 of its levels.

You collected 180 gold pieces.

Inventory:

Hand Weapons
 a - a +1 long sword (weapon)
Armour
 b - a +0 scale mail (worn)
 c - a +0 shield (worn)
 k - a +0 pair of gloves (worn)
 A - a +0 cloak (worn)
Magical Staves
 C - an uncursed staff of fire {unknown}
Jewellery
 e - a +2 ring of strength {unknown}
 g - an amulet of regeneration (around neck)
 l - an uncursed amulet of rage
 w - a ring of positive energy (left hand)
Wands
 p - a wand of flame (24/48)
 E - a wand of disintegration (10/24)
Scrolls
 h - 2 scrolls of fog {unknown}
 m - a scroll of enchant weapon
 n - 2 scrolls of teleportation
 s - a scroll of remove curse {unknown}
 t - a scroll of magic mapping
 u - a scroll of immolation {unknown}
 y - a scroll of blinking {unknown}
Potions
 i - 2 potions of resistance {unknown}
 j - a potion of cure mutation {unknown}
 o - 2 potions of curing {unknown}
 q - a potion of heal wounds
 z - a potion of magic {unknown}
Comestibles
 f - 2 bread rations
 r - 4 meat rations
 v - 7 fruits
 x - a royal jelly
 B - a slice of pizza


   Skills:
 + Level 6.3 Fighting
 + Level 5.5 Long Blades
 + Level 5.8 Armour
 + Level 6.2 Shields
 + Level 2.7 Evocations


You had 6 spell levels left.
You didn't know any spells.

Dungeon Overview and Level Annotations

Branches:
Dungeon (5/15)             Temple (1/1) D:4

Altars:
Ashenzari
Cheibriados
Dithmenos
Elyvilon
Fedhas
Gozag
Hepliaklqana
Kikubaaqudgha
Okawaru
Qazlal
Ru
Sif Muna
Trog
Vehumet
Xom
Zin
The Shining One
Jiyva


Innate Abilities, Weirdness & Mutations

You reflexively headbutt those who attack you in melee.
You have a pair of horns on your head.


Message History

The jelly is almost dead.
The ooze jiggles.
The jelly hits you.
You are splashed with acid!
The acid burns!
* * * LOW HITPOINT WARNING * * *
Unknown command.
You block the jelly's attack.
The jelly jiggles.
You hit the jelly but do no damage. The acid corrodes you!
Your hands burn!
* * * LOW HITPOINT WARNING * * *
You headbutt the jelly, but do no damage.
The jelly is almost dead.
The jelly barely misses you. You furiously retaliate!
You headbutt the jelly, but do no damage.
You block the jelly's attack.
You hit the jelly.
You kill the jelly!
The jelly hits you.
* * * LOW HITPOINT WARNING * * *
The acid corrodes you!
You are splashed with acid!
The acid burns!
You die...

### #.# #.# ###
###############################.#
#...#......#............).....#.#
.##....#....#...#..########...#.#
...##...##....##..## ....#...#.#
.#.......#.......#####....#...#..
#..#...#.........8.#.#....#...###
.#...#..#..##....JJ).#J...#...###
#.#...#.........@J.'wJr...#...#..
.##......##......8l#.#._..#.....#
.#..#...#..#.....#####....#...###
##...#..##...#....## ....#...#
#..#..##..#..##....########...#
#..#..##.......#..............#
.#..#..#...#...#...⌠....###..(###
.##...#....#....#.............#..
##......##....................###


You could see 3 jellies, 2 oozes, a dart slug, a frilled lizard and a rat.

Vanquished Creatures
  Sigmund (D:5)
  The ghost of bananaglory the Shield-Bearer, an amateur HOAr (D:5)
  An ogre (D:4)
  3 scorpions
  2 hounds (D:4)
  4 jellies (D:1)
  An iguana (D:3)
  7 adders
  3 oozes (D:1)
  4 worms (D:3)
  A dart slug (D:2)
  6 leopard geckos
  5 orcs
  8 bats
  A giant cockroach (D:3)
  9 goblins
  7 hobgoblins
  3 jackals (D:3)
  8 kobolds
  3 quokkas (D:2)
  9 frilled lizards
  13 rats
100 creatures vanquished.

Notes
Turn   | Place    | Note
-------+----------+-------------------------------------------
     0 | D:1      | empire the Minotaur Fighter began the quest for the Orb.
     0 | D:1      | Reached XP level 1. HP: 19/19 MP: 0/0
    42 | D:1      | Reached XP level 2. HP: 21/27 MP: 1/1
   784 | D:1      | Found a viscous altar of Jiyva.
   931 | D:2      | Reached XP level 3. HP: 33/33 MP: 2/2
  1108 | D:2      | Reached XP level 4. HP: 40/41 MP: 3/3
  1603 | D:3      | Reached skill level 5 in Fighting
  1603 | D:3      | Reached XP level 5. HP: 21/48 MP: 4/4
  2511 | D:4      | Reached skill level 5 in Shields
  2531 | D:4      | Found a staircase to the Ecumenical Temple.
  2540 | Temple   | Entered the Ecumenical Temple
  2752 | D:4      | Found a faded altar of an unknown god.
  2752 | D:4      | Found a faded altar of an unknown god.
  2758 | D:4      | Found a bloodstained altar of Trog.
  2760 | D:4      | Found a faded altar of an unknown god.
  2761 | D:4      | Found a faded altar of an unknown god.
  2812 | D:4      | Noticed an ogre
  2817 | D:4      | Killed an ogre
  2817 | D:4      | Reached skill level 1 in Evocations
  2817 | D:4      | Reached XP level 6. HP: 51/56 MP: 5/5
  3071 | D:5      | Entered Level 5 of the Dungeon
  3118 | D:5      | Reached skill level 5 in Armour
  3164 | D:5      | Noticed Sigmund
  3189 | D:5      | Killed Sigmund
  3189 | D:5      | Reached XP level 7. HP: 35/62 MP: 7/7
  3257 | D:5      | Noticed bananaglory's ghost (amateur HOAr)
  3264 | D:5      | Killed bananaglory's ghost
  3264 | D:5      | Reached skill level 5 in Long Blades
  3485 | D:1      | Splashed by a jelly's acid

Skill      XL: |  1  2  3  4  5  6  7 |
---------------+----------------------+-----
Fighting       | 4 5 6 |  6.3
Shields        | 4 5 6 |  6.2
Long Blades    | 3 4 5 |  5.5
Armour         | 4 5 |  5.8
Evocations     | 1 2 |  2.7

Action                   |  1- 3 |  4- 6 |  7- 9 || total
-------------------------+-------+-------+-------++-------
Melee: Long sword        |    84 |   124 |    37 ||   245
       Headbutt          |    17 |    22 |    17 ||    56
Evoke: Wand              |       |       |     1 ||     1
  Use: Scroll            |     1 |     4 |       ||     5
       Potion            |       |     1 |     3 ||     4
  Eat: Chunk             |     1 |     6 |       ||     7
       Fruit             |       |     1 |       ||     1
Armor: Scale mail        |    48 |    68 |     6 ||   122
Dodge: Dodged            |    29 |    36 |    12 ||    77
Block: Shield            |    48 |    77 |    25 ||   150
       Rpst.: Long sword |    10 |    12 |     4 ||    26
